 Dungeon Crawl Stone Soup version 0.28-a0-723-g095bd1b44f (webtiles) character file.

Game seed: 16370145984767692585

210 KoroneIsBestGirl the Chiller (level 5, 0/35 HPs)
             Began as a Barachi Ice Elementalist on Oct 25, 2021.
             Killed from afar by a dart slug (5 damage)
             ... with a slug dart
             ... on level 3 of the Dungeon.
             The game lasted 00:04:18 (1938 turns).

KoroneIsBestGirl the Chiller (BaIE)                 Turns: 1938, Time: 00:04:19

Health: 0/35       AC:  3    Str:  9    XL:     5   Next: 87%
Magic:  8/10       EV: 13    Int: 17    God:
Gold:   70         SH:  0    Dex: 12    Spells: 7/11 levels left

rFire   . . .      SeeInvis .   h - +0 dagger (holy)
rCold   . . .      Faith    .   (no shield)
rNeg    . . .      Spirit   .   a - +0 robe
rPois   .          Reflect  .   i - +0 helmet
rElec   .          Harm     .   (no cloak)
rCorr   .          Rampage  .   (no gloves)
Will    .....                   (no boots)
Stlth   ++........              g - amulet of magic regeneration
HPRegen 0.11/turn               (no ring)
MPRegen 0.37/turn               (no ring)

@: slow
A: amphibious, slowness 1, strong legs 1, +LOS
a: Hop


You were on level 3 of the Dungeon.
You visited 1 branch of the dungeon, and saw 3 of its levels.

You collected 70 gold pieces.

Inventory:

Hand Weapons
 e - a +0 dagger
 h - a +0 dagger of holy wrath (weapon)
Armour
 a - a +0 robe (worn)
 i - a +0 helmet (worn)
Jewellery
 g - an amulet of magic regeneration (around neck)
Scrolls
 d - a scroll of identify {unknown}
 f - a scroll of enchant armour {unknown}
Potions
 b - 2 potions of curing {unknown}
 c - a potion of flight {unknown}
 j - 2 potions of brilliance {unknown}


   Skills:
 + Level 4.1 Dodging
 - Level 1.7 Stealth
 + Level 3.8 Spellcasting
 + Level 6.1 Ice Magic


You had 7 spell levels left.
You knew the following spells:

 Your Spells              Type           Power      Damage    Failure   Level
a - Freeze                Ice            96%        1d11      1%          1
b - Frozen Ramparts       Ice            48%        1d6       3%          3

Your spell library contained the following spells:

 Spells                   Type           Power      Damage    Failure   Level
 Ozocubu's Armour         Ice            24%        N/A       3%          3
 Hailstorm                Conj/Ice       13%        3d5       41%         4


Dungeon Overview and Level Annotations

Branches:
Dungeon (3/15)

Altars:
Wu Jian


Innate Abilities, Weirdness & Mutations

You are amphibious.
You cover ground slowly.
You can hop short distances.
You have an extended range of vision and can be seen from far away.


Message History

a +0 animal skin; a hobgoblin corpse; the hobgoblin corpse of Robin
There is a stone staircase leading down here.
You climb downwards.
Found a mace and 17 arrows.
There is a stone staircase leading up here.
You start resting.
Magic restored.
You start resting.
A dart slug comes into view.
A dart slug is nearby!
A dart slug is nearby!
A dart slug is nearby!
You are too injured to fight recklessly!
Found a stone staircase leading up.
The dart slug bites you.
* * * LOW HITPOINT WARNING * * *
Casting: Freeze (safe; 1% risk of failure)
Confirm with . or Enter, or press ? or * to list all spells.
You don't know that spell.
Okay, then.
Casting: Freeze (safe; 1% risk of failure)
Confirm with . or Enter, or press ? or * to list all spells.
Aiming: Freeze (safe; 1% risk of failure)
Press: ? - help, Shift-Dir - straight line, f - dart slug
Aim: a dart slug You freeze the dart slug!
The dart slug is severely wounded.
The dart slug launches a dart at you. The slug dart hits you.
* * * LOW HITPOINT WARNING * * *
Casting: Freeze (safe; 1% risk of failure)
Confirm with . or Enter, or press ? or * to list all spells.
Aiming: Freeze (safe; 1% risk of failure)
Press: ? - help, Shift-Dir - straight line, f/p - dart slug
Aim: a dart slug (severely wounded)
You freeze the dart slug.
The dart slug is almost dead.
The dart slug launches a dart at you. The slug dart hits you.
You die...

.. #.## #..##
#... ## #..#
<## #.<##..##
#.)..#..#
#..##..#.##.###
#.# ##@........
#. ##w...#.##
#. ..(...# #
.####.# .# ..
.. ##


You could see a dart slug.

Vanquished Creatures
  Sigmund (D:2)
  Robin (D:2)
  A ball python (D:1)
  4 endoplasms (D:1)
  A giant cockroach (D:1)
  12 goblins
  9 hobgoblins
  2 quokkas (D:1)
  3 bats
  4 frilled lizards
  6 rats
44 creatures vanquished.

Vanquished Creatures (others)
  3 fungi (D:2)
  10 plants (D:2)
13 creatures vanquished.

Grand Total: 57 creatures vanquished

Notes
Turn   | Place    | Note
-------+----------+-------------------------------------------
     0 | D:1      | KoroneIsBestGirl the Barachi Ice Elementalist began the
                  | quest for the Orb.
     0 | D:1      | Reached XP level 1. HP: 13/13 MP: 3/3
   464 | D:1      | Reached skill level 5 in Ice Magic
   464 | D:1      | Reached XP level 2. HP: 19/19 MP: 3/5
  1129 | D:1      | Reached XP level 3. HP: 21/24 MP: 2/7
  1136 | D:1      | Learned a level 3 spell: Frozen Ramparts
  1799 | D:2      | Found an ornate altar of the Wu Jian Council.
  1826 | D:2      | Noticed Sigmund
  1826 | D:2      | Noticed Robin
  1848 | D:2      | Killed Robin
  1850 | D:2      | Reached XP level 4. HP: 27/30 MP: 2/8
  1889 | D:2      | Killed Sigmund
  1890 | D:2      | Reached skill level 6 in Ice Magic
  1890 | D:2      | Reached XP level 5. HP: 19/35 MP: 1/10
  1938 | D:3      | Killed from afar by a dart slug

Illustrated notes

Levels and vault maps discovered:
D:1:      nicolae_arrival_washed_ashore, layout_basic, minmay_distorted
D:2:      layout_basic, shapermc_ecumenical_altar_mp_urbaneastern, serial_shops,
          nicolae_shop_crystal, basic_altar, uniq_natasha, uniq_sigmund,
          uniq_robin
D:3:      layout_rooms, tso_oasis_becter, mainiacjoe_overflow_cross_hatched,
          minmay_snake_closets

Skill      XL: |  1  2  3  4 |
---------------+-------------+-----
Ice Magic      | 5 6 |  6.1
Dodging        | 3 4 |  4.1
Spellcasting   | 3 |  3.8
Stealth        | |  1.7

Action                   |  1- 3 |  4- 6 || total
-------------------------+-------+-------++-------
Melee: Unarmed           |     3 |       ||     3
       Dagger            |     1 |     2 ||     3
 Cast: Freeze            |    46 |     7 ||    53
       Frozen Ramparts   |     4 |     3 ||     7
 Abil: Hop               |     2 |       ||     2
Armor: Robe              |    12 |     1 ||    13
Dodge: Dodged            |    28 |     2 ||    30

Table legend: (Time is in decaauts)
 A = Elapsed time spent in this place.
 B = Non-inter-level travel time spent in this place.
 C = Inter-level travel time spent in this place.
 D = Time resting spent in this place.
 E = Time spent auto-exploring this place.
 F = Levels seen in this place.
 G = Mean time per level.
                   A        B        C        D        E       F      G
               +--------+--------+--------+--------+--------+-----+--------+
         Total |   2107 |   2098 |      9 |     36 |   1739 |   3 |  702.3 |
       Dungeon |   2107 |   2098 |      9 |     36 |   1739 |   3 |  702.3 |
               +--------+--------+--------+--------+--------+-----+--------+

Top non-repeatable levels by time:
     D:1: 1539 daAuts
     D:2: 539 daAuts
     D:3: 28 daAuts
